 Dungeon Crawl Stone Soup version 0.29.1-15-g9cfb28693d (webtiles) character file.

Game seed: 2965831998603307258

30 protoss039 the Digger (level 3, 14/26 HPs)
             Began as a Demonspawn Earth Elementalist on Mar 12, 2023.
             Got out of the dungeon alive.
             The game lasted 00:00:54 (1207 turns).

protoss039 the Digger (DsEE)                        Turns: 1207, Time: 00:00:54

Health: 14/26      AC:  3    Str:  8    XL:     3   Next: 3%
Magic:  6/6        EV: 11    Int: 18    God:
Gold:   51         SH:  4    Dex: 13    Spells: 6/7 levels left

rFire   . . .      SeeInvis .   f - +0 spear
rCold   . . .      Faith    .   (no shield)
rNeg    . . .      Spirit   .   h - +0 leather armour
rPois   .          Reflect  .   (no helmet)
rElec   .          Harm     .   (no cloak)
rCorr   .          Rampage  .   (no gloves)
Will    .....                   (no boots)
Stlth   ++........              (no amulet)
HPRegen 0.08/turn               (no ring)
MPRegen 0.20/turn               (no ring)

@: no status effects
A: magic regeneration, condensation shield
a: no special abilities


You escaped.
You visited 1 branch of the dungeon, and saw 1 of its levels.

You collected 51 gold pieces.

Inventory:

Hand Weapons
 f - a +0 spear (weapon)
Armour
 h - a +0 leather armour (worn)
Scrolls
 c - a scroll of identify {unknown}
 g - a scroll of poison {unknown}
Potions
 b - 2 potions of magic
 d - a potion of resistance {unknown}
 e - 2 potions of curing {unknown}


   Skills:
 + Level 1.3 Fighting
 - Level 1.7 Dodging
 - Level 1.7 Stealth
 + Level 2.5 Spellcasting
 - Level 0.8 Transmutations
 + Level 3.1 Earth Magic


You had 6 spell levels left.
You knew the following spells:

 Your Spells              Type           Power      Damage    Failure   Level
a - Sandblast             Erth           26%        2d8       7%          1

Your spell library contained the following spells:

 Spells                   Type           Power      Damage    Failure   Level
 Passwall                 Tmut/Erth      7%         N/A       17%         2
 Stone Arrow              Conj/Erth      14%        3d7       36%         3
 Petrify                  Tmut/Erth      9%         N/A       73%         4


Dungeon Overview and Level Annotations

Branches:
Dungeon (1/15) Zot: 4778

Altars:


Innate Abilities, Weirdness & Mutations

You regenerate magic rapidly.
A meltable shield of frost defends you. (SH +4)


Message History

Confirm with . or Enter, or press ? or * to list all spells.
Aiming: Sandblast (safe; 9% risk of failure)
Press: ? - help, Shift-Dir - straight line, f - hobgoblin
Aim: a hobgoblin (moderately wounded, 82% to hit)
The blast of sand hits the hobgoblin!
You kill the hobgoblin!
The quokka bites you but does no damage.
You have reached level 3!
Your experience leads to an increase in your attributes!
Increase (S)trength, (I)ntelligence, or (D)exterity?
You feel clever. x2; Your demonic ancestry asserts itself...
Frost condenses into a shield before you.
Casting: Sandblast (safe; 7% risk of failure)
Confirm with . or Enter, or press ? or * to list all spells.
You don't have enough magic to cast this spell.
Unknown command.
Unknown command.
You are too injured to fight recklessly!
Reach: f) +0 spear
Press: ? - help, Dir - move target, f - quokka
Aim: a quokka (about 52% to evade your +0 spear)
You hit the quokka.
The quokka is severely wounded.
The quokka bites you but does no damage.
The quokka barely misses you.
You miss the quokka.
The quokka is severely wounded.
The quokka closely misses you.
You barely miss the quokka.
The quokka is severely wounded.
The quokka completely misses you.
You hit the quokka.
You kill the quokka!
You swing at nothing.
You see here a +0 quarterstaff.
You open the door.
There is an open door here.
There is a staircase leading out of the dungeon here.
Are you sure you want to leave the Dungeon?
This will make you lose the game!
You have escaped!

##.......###.####.#..........
#.........# #.#####.#####
#.......#########.#####.###
#.......#.......#..[......#
##......'.>.>.>.'..##.....###
##.....#.......#............
##...##########..##.....###
###..#.......#..##.....# #
##.'...@...'..####.### #
###.......#..# #.# #
###########.# ##.# # #.#
#.##.# #..# # #.# #.##.# #..#
# #.# ###.##.###..#####
#.####...##...........
#........######..#####
#..........# #..#


There were no monsters in sight!

Vanquished Creatures
  A dart slug (D:1)
  4 ball pythons (D:1)
  A bat (D:1)
  4 endoplasms (D:1)
  2 giant cockroaches (D:1)
  3 goblins (D:1)
  2 hobgoblins (D:1)
  A kobold (D:1)
  2 quokkas (D:1)
  3 frilled lizards (D:1)
  A rat (D:1)
24 creatures vanquished.

Notes
Turn   | Place    | Note
-------+----------+-------------------------------------------
     0 | D:1      | protoss039 the Demonspawn Earth Elementalist began the
                  | quest for the Orb.
     0 | D:1      | Reached XP level 1. HP: 13/13 MP: 3/3
   379 | D:1      | Gained mutation: You regenerate magic rapidly. [demonic
                  | ancestry]
   379 | D:1      | Reached XP level 2. HP: 10/20 MP: 0/5
   789 | D:1      | Reached skill level 1 in Fighting
   789 | D:1      | Reached skill level 3 in Earth Magic
  1052 | D:1      | Found a faded altar of an unknown god.
  1136 | D:1      | Gained mutation: A meltable shield of frost defends you.
                  | (SH +4) [demonic ancestry]
  1136 | D:1      | Reached XP level 3. HP: 8/26 MP: 0/6
  1207 | D:$      | Got out of the dungeon alive.

Illustrated notes

Levels and vault maps discovered:
D:1:      minmay_arrival_up_and_down, layout_loops_ring,
          hellmonk_ecumenical_altar_inner_sanctum, minmay_cupped

Skill      XL: |  1  2 |
---------------+-------+-----
Fighting       | 1 |  1.3
Earth Magic    | 3 |  3.1
Dodging        | |  1.7
Stealth        | |  1.7
Spellcasting   | |  2.5
Transmutations | |  0.8

Action                   || total
-------------------------++-------
Melee: Spear             ||    22
       Dagger            ||     2
       Unarmed           ||     1
       Punch             ||     1
 Cast: Sandblast         ||    26
 Stab: Sleeping          ||     2
Armor: Robe              ||     6
       Leather armour    ||     3
Dodge: Dodged            ||    12
